AoeStats
← AxingQuestions

Oasis

509495925Analyzed
4v4 RM · 4d ago on Sep 27, 2026· 17m 35s· 8 players
Game mode
Random Map
Map size
Large (8 player)
Population
200
Speed
Normal
Resources
Standard
Victory
Conquest
Starting age
Dark Age
Ending age
Imperial Age
RankedLock teamsTeams togetherTeam positionsShared explorationLock speedFull tech treeHidden civsTurbo modeCheats
Victory
Defeat
🇲🇽 Mongols · Mexico
1186
+16
🇺🇸 Vikings · United States
1176
+16
🇺🇸 Hindustanis · United States
1161
+17
🇺🇸 Inca · United States
1150
+17
🇧🇷 Celts · Brazil
1203
-17
🇸🇪 Khmer · Sweden
1199
-17
🇨🇱 Spanish · Chile
1179
-16
🇦🇷 Saracens · Argentina
1158
-16
AxingQuestions
10:51 Feudal Age
11:22 Double-Bit Axe
11:50 Horse Collar
12:04 Gold Mining
12:55 Fletching
13:32 Padded Archer Armor
13:50 Horse Collar
15:24 Loom
Rett Mikhal
3:02 Loom
12:14 Feudal Age
13:32 Wheelbarrow
12:47 Double-Bit Axe
12:55 Stone Mining
14:27 Horse Collar
nsimeone11
6:49 Loom
9:16 Feudal Age
9:43 Double-Bit Axe
11:10 Horse Collar
14:13 Wheelbarrow
16:00 Gold Mining
16:53 Town Watch
Megatron2002
0:28 Loom
12:49 Feudal Age
13:32 Double-Bit Axe
17:40 Castle Age
15:58 Horse Collar
Jarl
3:28 Loom
11:54 Feudal Age
16:13 Castle Age
14:19 Double-Bit Axe
Sir bacardi
4:41 Loom
13:11 Feudal Age
17:13 Castle Age
niquito0912
6:49 Loom
10:09 Feudal Age
10:48 Double-Bit Axe
14:10 Fletching
15:17 Horse Collar
Lord Housedrick
8:23 Loom
10:39 Feudal Age
11:21 Double-Bit Axe
12:02 Horse Collar
18:40 Castle Age
17:28 Scale Mail Armor
Connection lost

Rejoining the realm…

Still unreachable

The connection could not be restored.

Session expired

The server has moved on; the page needs a fresh start.